 Dungeon Crawl Stone Soup version 0.19.1 (webtiles) character file.

279 Angani the Magician (level 6, -1/49 HPs)
             Began as a Naga Ice Elementalist on Dec 6, 2016.
             Killed by divine providence
             ... invoked by an orc priest
              (9 damage)
             ... on level 3 of the Dungeon.
             The game lasted 00:07:39 (2532 turns).

Angani the Magician (Naga Ice Elementalist)         Turns: 2532, Time: 00:07:39

Health: -1/49      AC:  4    Str: 10    XL:     6   Next: 26%
Magic:  6/13       EV: 10    Int: 18    God:
Gold:   48         SH:  0    Dex: 11    Spells: 5 memorised, 1 level left

rFire  . . .     SeeInvis +     (no weapon)
rCold  . . .     Gourm    .     a - +0 robe
rNeg   . . .     Faith    .     (no shield)
rPois  +         Spirit   .     p - +0 helmet
rElec  .         Reflect  .     (no cloak)
rCorr  .         Harm     .     (no gloves)
MR     .....                    (no barding)
Stlth  ++........               (no amulet)
                                (no ring)
                                (no ring)

@: lethally poisoned (-1 -> -5), very slightly contaminated, very slow
A: see invisible, deformed body, poison resistance, slowness 2, slow metabolism
1, spit poison 1, AC +2
a: Spit Poison


You were on level 3 of the Dungeon.
You were not hungry.

You visited 1 branch of the dungeon, and saw 3 of its levels.

You collected 48 gold pieces.

Inventory:

Armour
 a - a +0 robe (worn)
 p - a +0 helmet (worn)
Jewellery
 k - a cursed -4 ring of strength {unknown}
 n - an uncursed amulet of harm {unknown}
Scrolls
 f - 4 scrolls of identify {unknown}
 g - 2 scrolls of teleportation {unknown}
 h - a scroll of magic mapping {unknown}
 i - 2 scrolls of remove curse {unknown}
 j - a scroll of enchant weapon {unknown}
 o - a scroll of fear {unknown}
 q - a scroll of noise {unknown}
Potions
 e - a potion of flight
 l - a potion of lignification
Books
 b - a book of Frost

   Spells                             Type                      Level
   a - Freeze                         Ice                          1
   b - Throw Frost                    Conjuration/Ice              2
   c - Ozocubu's Armour               Charms/Ice                   3
   d - Throw Icicle                   Conjuration/Ice              4
   e - Summon Ice Beast               Ice/Summoning                4
Comestibles
 c - 2 bread rations
 d - a meat ration
 m - a chunk of flesh


   Skills:
 - Level 1.5 Dodging
 - Level 3.0 Stealth
 - Level 5.0 Spellcasting
 - Level 1.0 Conjurations
 + Level 4.5 Ice Magic


You had one spell level left.
You knew the following spells:

 Your Spells              Type           Power        Failure   Level  Hunger
a - Freeze                Ice            ###.         1%          1    None
b - Throw Frost           Conj/Ice       ##....       8%          2    #......
c - Ozocubu's Armour      Chrm/Ice       ##......     17%         3    ##.....
d - Throw Icicle          Conj/Ice       ##......     41%         4    ####...
e - Summon Ice Beast      Ice/Summ       ##......     54%         4    ####...


Dungeon Overview and Level Annotations

Branches:
Dungeon (3/15)

Altars:

Annotations:
D:3 Robin


Innate Abilities, Weirdness & Mutations

You cannot wear boots.
Your serpentine skin is tough. (AC +2)
You have supernaturally acute eyesight. (SInv)
Armour fits poorly on your strangely shaped body.
Your system is resistant to poisons. (rPois)
You cover ground very slowly.
You have a slow metabolism.
You can spit poison.


Message History

Confirm with . or Enter, or press ? or * to list all spells.
Aiming: Freeze
Press: ? - help, Shift-Dir - straight line, f - orc priest
Aim: an orc priest, wearing a leather armour You freeze the orc priest.
The orc priest is moderately wounded.
The orc priest invokes the aid of Beogh against you.
You struggle to resist.
Casting: Freeze
Confirm with . or Enter, or press ? or * to list all spells.
Aiming: Freeze
Press: ? - help, Shift-Dir - straight line, f/p - orc priest
Aim: an orc priest, wearing a leather armour (moderately wounded)
You freeze the orc priest.
The orc priest is almost dead.
You have got your breath back.
You feel sick.
The orc priest calls down the wrath of Beogh upon you.
Beogh smites you!
You die...

#.#
##.#
#..#
#.##
#.#
#.#
#.#
#.#
#@#
#o#
#o#
#.#
#.#
#..
#..#
#.##
#..


You could see an orc priest and an orc.

Vanquished Creatures
  The ghost of TheSquall the Slasher, an amateur MiFi (D:3)
  A centaur (D:3)
  An orc wizard (D:3)
  Ijyb (D:2)
  3 adders
  2 leopard geckos
  An orc (D:3)
  2 giant cockroaches
  5 goblins
  6 hobgoblins
  A quokka (D:2)
  4 bats (D:2)
  2 frilled lizards
  4 kobolds
  4 rats
38 creatures vanquished.

Notes
Turn   | Place    | Note
-------+----------+-------------------------------------------
     0 | D:1      | Angani the Naga Ice Elementalist began the quest for the Orb.
     0 | D:1      | Reached XP level 1. HP: 15/15 MP: 3/3
   405 | D:1      | Reached XP level 2. HP: 22/22 MP: 1/5
   645 | D:2      | Noticed Ijyb
   656 | D:2      | Killed Ijyb
   656 | D:2      | Reached skill level 3 in Spellcasting
   656 | D:2      | Reached XP level 3. HP: 16/28 MP: 0/7
  1412 | D:2      | Reached skill level 4 in Spellcasting
  1412 | D:2      | Reached XP level 4. HP: 35/36 MP: 6/10
  1446 | D:2      | Learned a level 2 spell: Throw Frost
  1450 | D:2      | Learned a level 3 spell: Ozocubu's Armour
  1455 | D:2      | Learned a level 4 spell: Throw Icicle
  1574 | D:3      | Noticed Robin
  1799 | D:3      | Noticed a sky beast
  1811 | D:3      | Noticed a centaur
  1820 | D:3      | Killed a centaur
  1820 | D:3      | Reached XP level 5. HP: 17/42 MP: 4/12
  2020 | D:3      | Reached skill level 5 in Spellcasting
  2030 | D:3      | Learned a level 4 spell: Summon Ice Beast
  2087 | D:3      | Found a faded altar of an unknown god.
  2111 | D:3      | Noticed TheSquall's ghost (amateur MiFi)
  2133 | D:3      | Killed TheSquall's ghost
  2133 | D:3      | Reached XP level 6. HP: 49/49 MP: 1/13
  2532 | D:3      | Killed from afar by an orc priest

Skill      XL: |  1  2  3  4  5 |
---------------+----------------+-----
Spellcasting   | 3 4 5 |  5.0
Ice Magic      | 4 |  4.5
Dodging        | |  1.5
Stealth        | |  3.0
Conjurations   | |  1.0

Action                   |  1- 3 |  4- 6 || total
-------------------------+-------+-------++-------
Melee: Unarmed           |    12 |     8 ||    20
 Cast: Freeze            |    25 |    32 ||    57
       Ozocubu's Armour  |       |     2 ||     2
       Throw Frost       |       |     1 ||     1
 Abil: Spit Poison       |    15 |     6 ||    21
  Use: Potion            |       |     4 ||     4
  Eat: Chunk             |     2 |     1 ||     3
       Meat ration       |       |     1 ||     1
Armor: Robe              |    13 |     7 ||    20
       Skin              |       |    10 ||    10
Dodge: Dodged            |    20 |    14 ||    34
